 Dungeon Crawl Stone Soup version 0.17.0-15-g6d90897 (webtiles) character file.

87 MDvedh the Skirmisher (level 4, 0/41 HPs)
             Began as a Minotaur Enchanter on Nov 10, 2015.
             Succumbed to an adder's poison
             ... on level 2 of the Dungeon.
             The game lasted 00:03:20 (1309 turns).

MDvedh the Skirmisher (Minotaur Enchanter)          Turns: 1309, Time: 00:03:20

Health: 0/41       AC:  0    Str: 13    XL:     4   Next: 28%
Magic:  5/5        EV: 14    Int: 12    God:
Gold:   60         SH:  0    Dex: 11    Spells: 0 memorised, 5 levels left

rFire  . . .     SeeInvis .     (weapon currently unavailable)
rCold  . . .     Clarity  .     (armour currently unavailable)
rNeg   . . .     SustAt   .     (shield currently unavailable)
rPois  .         Gourm    .     (helmet currently unavailable)
rElec  .         Spirit   .     (cloak currently unavailable)
rCorr  .         Warding  .     (gloves currently unavailable)
rMut   .         Stasis   .     (boots currently unavailable)
MR     .....                    f - amulet of rage
Stlth  ++........               (ring currently unavailable)
                                (ring currently unavailable)

@: lethally poisoned (0 -> -5), exhausted, pig-form, slowed, not resistant to
hostile enchantments, unstealthy
A: (retaliatory headbutt), (horns 0)
a: Evoke Berserk Rage


You were on level 2 of the Dungeon.
You were very hungry.
You were a filthy swine.
You visited 1 branch of the dungeon, and saw 2 of its levels.

You collected 60 gold pieces.

Inventory:

Hand Weapons
 a - a +1 dagger (melded)
 i - a +0 club
Armour
 b - a +1 robe (melded)
 j - a +0 large shield (melded)
Jewellery
 f - an amulet of rage (around neck)
 g - a +2 ring of strength (melded)
Wands
 e - a wand of polymorph (10)
Scrolls
 h - 3 scrolls of identify
 l - a scroll of remove curse
Potions
 m - a potion of might
Books
 c - a book of Maledictions

   Spells                             Type                      Level
   a - Corona                         Hexes                        1
   b - Ensorcelled Hibernation        Hexes/Ice                    2
   c - Confuse                        Hexes                        3
   d - Tukima's Dance                 Hexes                        3
   e - Dazzling Spray                 Conjuration/Hexes            3
Comestibles
 d - 2 bread rations
 k - a meat ration
 n - a chunk of flesh
 o - a beef jerky


   Skills:
 - Level 4.4 Fighting
 - Level 1.1 Short Blades
 + Level 1.4 Maces & Flails
 - Level 2.1 Dodging
 - Level 2.4 Stealth
 - Level 1.3 Spellcasting
   Level 2.0 Hexes


You had 5 spell levels left.
You didn't know any spells.

Dungeon Overview and Level Annotations

Branches:
Dungeon (2/15)

Altars:
Nemelex Xobeh
Sif Muna


Innate Abilities, Weirdness & Mutations

((You reflexively headbutt those who attack you in melee.))
((You have a pair of horns on your head.))


Message History

Press: ? - help, Shift-Dir - straight line, f - you
Okay, then.
Unknown command.
Evoke which item? (* to show all) (? for menu, Esc to quit)
Zapping:
e - a wand of polymorph {zapped: 2} (will waste charges)
Press: ? - help, Shift-Dir - straight line, f - you Really target yourself?
You turn into a filthy swine.
Your +1 dagger melds into your body.
Your +0 large shield melds into your body.
Your +1 robe melds into your body.
Your +2 ring of strength melds into your body.
You feel weaker.
Evoking this partially-identified wand wasted a few charges.
* * * LOW HITPOINT WARNING * * *
You feel sick.
Evoke which item? (* to show all) (? for menu, Esc to quit)
You have no means to grasp a wand firmly enough.
You can't do that in your present form.
Unknown command.
You die...

....... #.... %...... #....
....... #.... .?..... #....
.......## #.... ........#
#.... ......†.# #....
........#### #....
..........h#### ##.##
........##....##########.#.
.......######............#.
......# ##########..##.
#####. #....._ ##
####.###.. #....# ##)
#.#######. ##.# ##....


There were no monsters in sight!

Vanquished Creatures
  Robin (D:2)
  3 adders (D:2)
  2 worms (D:2)
  2 giant geckos
  A bat (D:2)
  2 giant cockroaches
  10 goblins (D:2)
  9 hobgoblins (D:2)
  3 jackals (D:2)
  2 kobolds (D:1)
  3 giant newts
  A quokka (D:2)
  A rat (D:1)
40 creatures vanquished.

Notes
Turn   | Place    | Note
--------------------------------------------------------------
     0 | D:1      | MDvedh the Minotaur Enchanter began the quest for the Orb.
     0 | D:1      | Reached XP level 1. HP: 14/14 MP: 1/1
    30 | D:1      | Reached skill level 1 in Fighting
   224 | D:1      | You fall through a shaft!
   235 | D:2      | Reached XP level 2. HP: 24/24 MP: 3/3
   237 | D:2      | Noticed Robin
   255 | D:2      | Killed Robin
   255 | D:2      | Reached skill level 3 in Fighting
   260 | D:2      | Reached XP level 3. HP: 25/31 MP: 4/4
   723 | D:2      | Reached skill level 4 in Fighting
   941 | D:2      | Reached XP level 4. HP: 32/41 MP: 5/5
  1134 | D:2      | Found a deep blue altar of Sif Muna.
  1182 | D:2      | Found a sparkling altar of Nemelex Xobeh.
  1299 | D:2      | Reached skill level 1 in Maces & Flails
  1303 | D:2      | HP: 3/61 [poisoned by an adder]
  1307 | D:2      | HP: 1/41 [poisoned by an adder]
  1309 | D:2      | Succumbed to an adder's poison

Action                   |  1- 3 |  4- 6 || total
-------------------------+-------+-------++-------
Melee: Dagger            |    88 |    43 ||   131
       Unarmed           |     8 |       ||     8
 Abil: Evoke Berserk Rag |       |     1 ||     1
Evoke: Wand              |       |     1 ||     1
  Use: Scroll            |       |     2 ||     2
 Stab: Sleeping          |     1 |     1 ||     2
  Eat: Chunk             |       |     1 ||     1
